 Dungeon Crawl Stone Soup version 0.28-a0-803-g74956062c1 (webtiles) character file.

Game seed: 9696075786546006527

9030 Gargoyl the Fighter (level 11, -4/89 HPs)
             Began as a Gnoll Abyssal Knight on Nov 7, 2021.
             Was a High Priest of Lugonu.
             Killed by vampiric draining
             ... invoked by a vampire
              (10 damage)
             ... on level 9 of the Dungeon.
             The game lasted 00:13:08 (7707 turns).

Gargoyl the Fighter (Gnoll Abyssal Knight)          Turns: 7707, Time: 00:13:08

Health: -4/89      AC: 16    Str: 17    XL:     11   Next: 40%
Magic:  21/21      EV: 12    Int:  9    God:    Lugonu [*****.]
Gold:   1243       SH:  9    Dex: 12    Spells: 23/23 levels left

rFire   . . .      SeeInvis .   c - +4 war axe of Equilibrium {elec, rElec}
rCold   . . .      Faith    .   A - +0 kite shield
rNeg    . . .      Spirit   .   H - +0 troll leather armour
rPois   +          Reflect  .   d - +0 helmet
rElec   +          Harm     .   r - +2 cloak
rCorr   .          Rampage  .   t - +2 pair of gloves
Will    +....                   g - +2 pair of boots {Fly}
Stlth   +++.......              o - amulet of regeneration
HPRegen 2.24/turn               y - ring of willpower
MPRegen 0.17/turn               q - ring of poison resistance

@: flying
A: fangs 1, strong nose, distributed training
a: Renounce Religion, Depart the Abyss, Bend Space, Banish, Corrupt, Enter the
Abyss


You were on level 9 of the Dungeon.
You worshipped Lugonu.
Lugonu was extremely pleased with you.
You visited 1 branch of the dungeon, and saw 9 of its levels.
You visited the Abyss 1 time.

You collected 1243 gold pieces.

Inventory:

Hand Weapons
 a - a +2 hand axe
 c - the +4 war axe of Equilibrium (weapon) {elec, rElec}
   (You acquired it on level 1 of the Abyss)

   It occasionally discharges a powerful burst of electricity upon striking a
   foe.
   rElec:     It insulates you from electricity.
 w - a +1 war axe
Missiles
 b - 40 poisoned darts
 e - 5 curare-tipped darts (quivered)
 m - 5 throwing nets
Armour
 d - a +0 helmet (worn)
 f - a +0 chain mail
 g - a +2 pair of boots of flying (worn)
 r - a +2 cloak (worn)
 t - a +2 pair of gloves (worn)
 A - a +0 kite shield (worn)
 H - a +0 troll leather armour (worn)
Jewellery
 o - an amulet of regeneration (around neck)
 p - a ring of protection from cold
 q - a ring of poison resistance (right hand)
 y - a ring of willpower (left hand)
Wands
 j - a wand of acid (29)
 s - a wand of iceblast (7)
 G - a wand of flame (11)
Scrolls
 h - a scroll of fog
 k - 2 scrolls of teleportation
 B - 2 scrolls of silence
 D - a scroll of blinking {unknown}
Potions
 i - 4 potions of brilliance
 l - 2 potions of cancellation
 n - 5 potions of curing
 u - a potion of ambrosia
 v - a potion of might
 x - 3 potions of heal wounds
 z - a potion of haste
 C - a potion of lignification
 F - a potion of flight {unknown}


   Skills:
 + Level 9.5 Fighting
 + Level 6.7 Short Blades
 + Level 6.7 Long Blades
 + Level 8.2 Axes
 + Level 6.7 Maces & Flails
 + Level 6.7 Polearms
 + Level 6.7 Staves
 + Level 6.7 Slings
 + Level 6.7 Bows
 + Level 6.7 Crossbows
 + Level 6.7 Throwing
 + Level 8.2 Armour
 + Level 7.2 Dodging
 + Level 6.7 Stealth
 + Level 6.7 Shields
 + Level 6.7 Unarmed Combat
 + Level 6.7 Spellcasting
 + Level 5.5 Conjurations
 + Level 5.5 Hexes
 + Level 5.5 Summonings
 + Level 5.5 Necromancy
 + Level 5.5 Translocations
 + Level 5.5 Transmutations
 + Level 5.5 Fire Magic
 + Level 5.5 Ice Magic
 + Level 5.5 Air Magic
 + Level 5.5 Earth Magic
 + Level 5.5 Poison Magic
 + Level 8.8 Invocations
 + Level 6.7 Evocations


You had 23 spell levels left.
You didn't know any spells.
Your spell library contained the following spells:

 Spells                   Type           Power      Damage    Failure   Level
 Freeze                   Ice            52%        1d7       7%          1
 Hailstorm                Conj/Ice       13%        3d5       56%         4
 Shatter                  Erth           6%         3d9*      100%        9


Dungeon Overview and Level Annotations

Branches:
Dungeon (9/15)             Temple (0/1) D:5
   Lair: D:8-11         Orc: D:9-12

Altars:
Ashenzari
Trog
Vehumet

Shops:
D:1 ?   D:3 *


Innate Abilities, Weirdness & Mutations

You have very sharp teeth.
Your uncanny sense of smell can sniff out nearby items.
Your experience applies equally to all skills.


Message History

Something draws strength from your injuries!
You hit something. You bite something. Something hits you but does no damage.
Something bites you but does no damage. Something hits you but does no damage.
Something bites you but does no damage.
You hit something. Something hits you but does no damage. Something bites you!
Something draws strength from your injuries!
You closely miss something. Something hits you but does no damage.
Something bites you but does no damage.
You barely miss something. Something hits you.
Something bites you but does no damage.
You slash something! Something hits you but does no damage.
Something bites you!
Something draws strength from your injuries!
Something hits you. Something bites you!
Something draws strength from your injuries!
You barely miss something. Something completely misses you.
You block something's attack.
You hit something but do no damage. Something hits you! Something bites you!
* * * LOW HITPOINT WARNING * * *
Something draws strength from your injuries!
You barely miss something. Something hits you but does no damage.
Something bites you but does no damage.
You closely miss something. Something hits you.
* * * LOW HITPOINT WARNING * * *
Something bites you.
* * * LOW HITPOINT WARNING * * *
Something draws strength from your injuries!
Something hits you.
* * * LOW HITPOINT WARNING * * *
Something bites you!
* * * LOW HITPOINT WARNING * * *
Something draws strength from your injuries!
You hit something but do no damage. Lightning courses through something!
Something hits you but does no damage. Something bites you but does no damage.
You hit something. Something hits you but does no damage. Something bites you.
* * * LOW HITPOINT WARNING * * *
Something draws strength from your injuries!
Your shield prevents you from hitting something.
You bite something. Something draws life force from you!
You die...

. ∆∆ #..#.......####+# ∆
∆ ...............}. ∆∆
#........).... ∆
#............. .
##(.†.†........ .#
##.†######...... ## ∆
##..#.....#...... #
.###.###...#.....'......
.......@...#.....#......
......{....#./####......
####.....######......###
#.....# ∆ #......#..
.'.....# #......#..
..#.....# #...)))#..
...#.....# ∆#...)))'..
.. #.....# #...)))#..
#......###


There were no monsters in sight!

Vanquished Creatures
  Harold (D:7)
  The ghost of
  1994 the Fighter, a novice OgHu of Okawaru (D:8)
  2 cyclopes (D:9)
  A kobold demonologist (D:9)
  A yaktaur (D:8)
  2 slime creatures (D:9)
  10 yaks (D:9)
  A wyvern (D:9)
  3 steam dragons
  Edmund (D:6)
  An acid dragon (D:7)
  3 water moccasins
  4 orc warriors
  3 ice beasts
  A sky beast (D:6)
  The ghost of Decritt the Chopper, an amateur MiMo (D:3)
  2 ogres
  A centaur (D:8)
  A phantom (D:7)
  3 kobold brigands
  3 bullfrogs
  A water moccasin zombie (D:5)
  A water moccasin skeleton (D:5)
  A killer bee (D:9)
  6 wights
  3 howler monkeys (D:8)
  A centaur zombie (D:5)
  A bullfrog zombie (D:6)
  A bullfrog skeleton (D:6)
  6 orc priests
  Crazy Yiuf (D:7)
  3 jellies
  A centaur skeleton (D:5)
  A gnoll shaman (D:9)
  3 iguanas
  6 orc wizards
  A killer bee zombie (D:7)
  A hound zombie (D:5)
  A howler monkey zombie (D:6)
  15 gnolls
  8 adders
  3 white imps
  2 ufetubi
  An adder skeleton (D:4)
  2 worms
  5 dart slugs
  26 orcs
  3 bats (D:1)
  4 endoplasms
  5 giant cockroaches
  8 goblins
  2 hobgoblins
  2 jackals (D:2)
  3 quokkas
  9 ball pythons
  14 frilled lizards
  17 kobolds
  6 rats
220 creatures vanquished.

Vanquished Creatures (collateral kills)
  A white imp (D:7)
1 creature vanquished.

Vanquished Creatures (others)
  2 fungi (D:2)
  4 plants (D:4)
6 creatures vanquished.

Grand Total: 227 creatures vanquished

Notes
Turn   | Place    | Note
-------+----------+-------------------------------------------
     0 | Abyss:1  | Gargoyl the Gnoll Abyssal Knight began the quest for the
                  | Orb.
     0 | Abyss:1  | Reached XP level 1. HP: 23/23 MP: 3/3
    26 | Abyss:1  | Identified a scroll of acquirement
    26 | Abyss:1  | Acquired the +4 war axe of Equilibrium {elec, rElec}
    70 | Abyss:1  | Noticed a tentacled starspawn
    71 | D:1      | Escaped the Abyss
   212 | D:1      | Reached XP level 2. HP: 29/29 MP: 5/5
   222 | D:1      | Reached * piety under Lugonu
   458 | D:1      | Found Qawori's Magic Scroll Boutique.
   673 | D:1      | Reached XP level 3. HP: 35/35 MP: 6/6
  1084 | D:2      | Reached skill level 1 in Short Blades
  1084 | D:2      | Reached skill level 1 in Long Blades
  1084 | D:2      | Reached skill level 1 in Maces & Flails
  1084 | D:2      | Reached skill level 1 in Polearms
  1084 | D:2      | Reached skill level 1 in Staves
  1084 | D:2      | Reached skill level 1 in Slings
  1084 | D:2      | Reached skill level 1 in Bows
  1084 | D:2      | Reached skill level 1 in Crossbows
  1084 | D:2      | Reached skill level 1 in Throwing
  1084 | D:2      | Reached skill level 1 in Stealth
  1084 | D:2      | Reached skill level 1 in Shields
  1084 | D:2      | Reached skill level 1 in Unarmed Combat
  1084 | D:2      | Reached skill level 1 in Spellcasting
  1084 | D:2      | Reached skill level 1 in Evocations
  1285 | D:1      | Reached XP level 4. HP: 22/41 MP: 7/7
  1647 | D:2      | Found a faded altar of an unknown god.
  1785 | D:3      | Reached ** piety under Lugonu
  1786 | D:3      | Reached skill level 1 in Conjurations
  1786 | D:3      | Reached skill level 1 in Hexes
  1786 | D:3      | Reached skill level 1 in Summonings
  1786 | D:3      | Reached skill level 1 in Necromancy
  1786 | D:3      | Reached skill level 1 in Translocations
  1786 | D:3      | Reached skill level 1 in Transmutations
  1786 | D:3      | Reached skill level 1 in Fire Magic
  1786 | D:3      | Reached skill level 1 in Ice Magic
  1786 | D:3      | Reached skill level 1 in Air Magic
  1786 | D:3      | Reached skill level 1 in Earth Magic
  1786 | D:3      | Reached skill level 1 in Poison Magic
  1798 | D:3      | Found Jijynt's Assorted Antiques.
  1844 | D:3      | Reached XP level 5. HP: 44/47 MP: 8/8
  1881 | D:3      | Got Keiseus's Tome of Icy Stones
  2251 | D:3      | Noticed an ice beast
  2261 | D:3      | Killed an ice beast
  2262 | D:3      | Reached skill level 5 in Invocations
  2262 | D:3      | Reached XP level 6. HP: 17/53 MP: 9/9
  2549 | D:3      | Found a large runed translucent door.
  2550 | D:3      | Found a large runed translucent door.
  2552 | D:3      | Noticed Decritt's ghost (amateur MiMo)
  2661 | D:3      | Killed Decritt's ghost
  2662 | D:3      | Reached skill level 5 in Axes
  2662 | D:3      | Reached skill level 5 in Armour
  3427 | D:4      | Reached XP level 7. HP: 59/59 MP: 10/10
  3520 | D:4      | Reached skill level 7 in Fighting
  3535 | D:4      | Reached *** piety under Lugonu
  3638 | D:4      | Found a bloodstained altar of Trog.
  3638 | D:4      | Found a radiant altar of Vehumet.
  3659 | D:5      | Entered Level 5 of the Dungeon
  3663 | D:5      | Reached skill level 8 in Fighting
  3663 | D:5      | Reached skill level 5 in Short Blades
  3663 | D:5      | Reached skill level 5 in Long Blades
  3663 | D:5      | Reached skill level 5 in Maces & Flails
  3663 | D:5      | Reached skill level 5 in Polearms
  3663 | D:5      | Reached skill level 5 in Staves
  3663 | D:5      | Reached skill level 5 in Slings
  3663 | D:5      | Reached skill level 5 in Bows
  3663 | D:5      | Reached skill level 5 in Crossbows
  3663 | D:5      | Reached skill level 5 in Throwing
  3663 | D:5      | Reached skill level 5 in Dodging
  3663 | D:5      | Reached skill level 5 in Stealth
  3663 | D:5      | Reached skill level 5 in Shields
  3663 | D:5      | Reached skill level 5 in Unarmed Combat
  3663 | D:5      | Reached skill level 5 in Spellcasting
  3663 | D:5      | Reached skill level 5 in Evocations
  3663 | D:5      | Reached XP level 8. HP: 40/69 MP: 10/15
  3699 | D:5      | Found a staircase to the Ecumenical Temple.
  4729 | D:6      | Noticed Edmund
  4739 | D:6      | Killed Edmund
  4740 | D:6      | Reached XP level 9. HP: 61/75 MP: 15/17
  5010 | D:6      | Reached **** piety under Lugonu
  5593 | D:7      | Noticed Harold
  5650 | D:7      | Killed Harold
  5979 | D:7      | Reached XP level 10. HP: 82/82 MP: 18/18
  6120 | D:7      | Found a runed translucent door.
  6121 | D:7      | Noticed Crazy Yiuf
  6130 | D:7      | Killed Crazy Yiuf
  6416 | D:8      | Acquired 813 gold pieces
  6486 | D:8      | Reached skill level 9 in Fighting
  6622 | D:8      | Found a broken altar of Ashenzari.
  6770 | D:8      | Reached skill level 5 in Conjurations
  6770 | D:8      | Reached skill level 5 in Hexes
  6770 | D:8      | Reached skill level 5 in Summonings
  6770 | D:8      | Reached skill level 5 in Necromancy
  6770 | D:8      | Reached skill level 5 in Translocations
  6770 | D:8      | Reached skill level 5 in Transmutations
  6770 | D:8      | Reached skill level 5 in Fire Magic
  6770 | D:8      | Reached skill level 5 in Ice Magic
  6770 | D:8      | Reached skill level 5 in Air Magic
  6770 | D:8      | Reached skill level 5 in Earth Magic
  6770 | D:8      | Reached skill level 5 in Poison Magic
  6786 | D:8      | Found a runed translucent door.
  6789 | D:8      | Noticed 1994's ghost (novice OgHu)
  7145 | D:8      | Killed 1994's ghost
  7356 | D:9      | Noticed a cyclops
  7366 | D:9      | Reached ***** piety under Lugonu
  7378 | D:9      | Killed a cyclops
  7479 | D:9      | Reached XP level 11. HP: 88/89 MP: 20/20
  7479 | D:9      | Noticed an eight-headed hydra
  7483 | D:9      | Noticed an eight-headed hydra
  7548 | D:9      | Noticed a sun demon
  7582 | D:9      | Noticed a cyclops
  7650 | D:9      | Killed a cyclops
  7704 | D:9      | HP: 2/89 [something (10)]
  7707 | D:9      | Killed from afar by a vampire

Illustrated notes

Levels and vault maps discovered:
D:1:      lemuel_arrival_lava_pool, layout_basic, serial_shops, shop,
          roderic_lattice_a, minmay_fountain_box
D:2:      minmay_angry_zag, layout_rooms, shapermc_ecumenical_altar_hornbeckon,
          chequers_serial_rivers_micro_e
D:3:      layout_loops_ring, ebering_ghost_disaster_area, serial_shops, shop
D:4:      layout_rooms, gammafunk_temple_overflow_statue, minmay_lizard_king
D:5:      layout_loops_corners, minmay_temple_entry_trees, nrook_uturn
D:6:      layout_basic, grunt_decor_mini_mirrors, st_stairs_2,
          minmay_starry_boxes, uniq_edmund
D:7:      layout_loops_cross, uniq_crazy_yiuf_cottage, uniq_harold
D:8:      layout_basic, ashenzari_altar_1, ebering_ghost_inner_flame,
          grunt_ministairs_2, hangedman_decor_lopped
D:9:      minmay_the_grid_octo_2x2 [minmay_the_grid_octo_77,
          minmay_the_grid_octo_concentric, minmay_the_grid_octo_clover,
          minmay_the_grid_octo_prize_ultimate_mussel_roller], layout_gridville,
          minmay_st_funbox, minmay_misc_feat_iff

Skill      XL: |  1  2  3  4  5  6  7  8  9 10 11 |
---------------+----------------------------------+-----
Short Blades   | 1 2 5 6 |  6.7
Long Blades    | 1 2 5 6 |  6.7
Maces & Flails | 1 2 5 6 |  6.7
Polearms       | 1 2 5 6 |  6.7
Staves         | 1 2 5 6 |  6.7
Slings         | 1 2 5 6 |  6.7
Bows           | 1 2 5 6 |  6.7
Crossbows      | 1 2 5 6 |  6.7
Throwing       | 1 2 5 6 |  6.7
Stealth        | 1 2 5 6 |  6.7
Shields        | 1 2 5 6 |  6.7
Unarmed Combat | 1 2 5 6 |  6.7
Spellcasting   | 1 2 5 6 |  6.7
Evocations     | 1 2 5 6 |  6.7
Conjurations   | 1 4 5 |  5.5
Hexes          | 1 4 5 |  5.5
Summonings     | 1 4 5 |  5.5
Necromancy     | 1 4 5 |  5.5
Translocations | 1 4 5 |  5.5
Transmutations | 1 4 5 |  5.5
Fire Magic     | 1 4 5 |  5.5
Ice Magic      | 1 4 5 |  5.5
Air Magic      | 1 4 5 |  5.5
Earth Magic    | 1 4 5 |  5.5
Poison Magic   | 1 4 5 |  5.5
Dodging        | 3 5 6 7 |  7.2
Invocations    | 5 7 8 |  8.8
Axes           | 5 7 8 |  8.2
Armour         | 5 7 8 |  8.2
Fighting       | 8 9 |  9.5

Action                   |  1- 3 |  4- 6 |  7- 9 | 10-12 || total
-------------------------+-------+-------+-------+-------++-------
Melee: War axe           |    71 |    81 |   198 |   219 ||   569
       Bite              |     2 |     9 |    22 |    19 ||    52
       Punch             |       |       |     5 |       ||     5
Throw: Dart              |       |     2 |    11 |       ||    13
Invok: Depart the Abyss  |     1 |       |       |       ||     1
       Bend Space        |       |       |       |     1 ||     1
       Banish            |       |       |       |     1 ||     1
Evoke: Wand              |       |       |       |     2 ||     2
  Use: Scroll            |     5 |     2 |    13 |     6 ||    26
       Potion            |       |     1 |     1 |       ||     2
 Stab: Sleeping          |       |       |       |     1 ||     1
       Distracted        |       |       |       |     1 ||     1
Armor: Leather armour    |     4 |       |       |       ||     4
       Chain mail        |    43 |    45 |   136 |    62 ||   286
       Troll leather arm |       |       |       |   109 ||   109
Dodge: Dodged            |    35 |    33 |    73 |   115 ||   256
Block: Kite shield       |       |       |    33 |   153 ||   186

Table legend: (Time is in decaauts)
 A = Elapsed time spent in this place.
 B = Non-inter-level travel time spent in this place.
 C = Inter-level travel time spent in this place.
 D = Time resting spent in this place.
 E = Time spent auto-exploring this place.
 F = Levels seen in this place.
 G = Mean time per level.
                   A        B        C        D        E       F      G
               +--------+--------+--------+--------+--------+-----+--------+
         Total |   7865 |   7641 |    224 |    590 |   5084 |  10 |  786.5 |
       Dungeon |   7794 |   7570 |    224 |    590 |   5022 |   9 |  866.0 |
         Abyss |     70 |     70 |      0 |      0 |     62 |   1 |   70.0 |
               +--------+--------+--------+--------+--------+-----+--------+

Top non-repeatable levels by time:
     D:3: 1289 daAuts
     D:8: 964 daAuts
     D:1: 963 daAuts
     D:5: 955 daAuts
     D:6: 953 daAuts
     D:7: 788 daAuts
     D:2: 750 daAuts
     D:4: 645 daAuts
     D:9: 483 daAuts
 Abyss:1: 70 daAuts
